 Dungeon Crawl Stone Soup version 0.27-a0-1137-g3ef0f4ec91 (webtiles) character file.

Game seed: 1923685969530028590

7566 kae the Carver (level 10, -19/71 HPs)
             Began as a Demonspawn Abyssal Knight on May 6, 2021.
             Was a High Priest of Lugonu.
             Demolished by a tyrant leech (21 damage)
             ... on level 9 of the Dungeon.
             The game lasted 00:07:52 (13242 turns).

kae the Carver (Demonspawn Abyssal Knight)         Turns: 13242, Time: 00:07:53

Health: -19/71     AC: 18    Str: 16    XL:     10   Next: 97%
Magic:  14/14      EV:  7    Int: 13    God:    Lugonu [*****.]
Gold:   530        SH:  4    Dex: 13    Spells: 9/9 levels left

rFire    . . .     SeeInvis +   k - +0 demon blade (freeze)
rCold    . . .     Faith    .   (no shield)
rNeg     . . .     Spirit   .   h - +1 chain mail
rPois    .         Reflect  .   r - +1 hat
rElec    .         Harm     .   (no cloak)
rCorr    .         Rampage  .   y - +2 pair of gloves
Will     +....                  (no boots)
Stlth    ..........             (no amulet)
HPRegen  0.21/turn              f - ring of see invisible
MPRegen  0.14/turn              j - ring of willpower

@: very slow
A: claws 2, icemail 1, powered by death 2, condensation shield
a: Renounce Religion, Depart the Abyss, Bend Space, Banish, Corrupt, Enter the
Abyss


You were on level 9 of the Dungeon.
You worshipped Lugonu.
Lugonu was extremely pleased with you.
You visited 1 branch of the dungeon, and saw 10 of its levels.
You visited the Abyss 1 time.
You also visited: Sewer.

You collected 530 gold pieces.

Inventory:

Hand Weapons
 a - a +2 falchion
 k - a +0 demon blade of freezing (weapon)
Missiles
 u - a curare-tipped dart
 w - 3 throwing nets
Armour
 b - a +0 leather armour
 h - a +1 chain mail (worn)
 r - a +1 hat (worn)
 y - a +2 pair of gloves (worn)
Jewellery
 f - a ring of see invisible (left hand)
 j - a ring of willpower (right hand)
 n - a ring of protection from cold
 z - a ring of protection from cold
Wands
 p - a wand of charming (5)
 A - a wand of polymorph (7)
 C - a wand of iceblast (3)
 D - a wand of paralysis (10)
Scrolls
 c - 10 scrolls of teleportation
 l - 3 scrolls of identify
 q - 2 scrolls of silence
 s - a scroll of magic mapping
Potions
 d - 6 potions of flight
 e - 9 potions of curing
 g - 8 potions of heal wounds
 i - a potion of berserk rage
 m - 4 potions of might
 o - 4 potions of brilliance
 t - a potion of magic
 v - a potion of haste
 x - a potion of degeneration
 B - a potion of mutation


   Skills:
 + Level 3.9 Fighting
 - Level 14.0 Long Blades
 + Level 2.8 Armour
 + Level 2.3 Dodging
 - Level 6.0 Invocations


You had 9 spell levels left.
You didn't know any spells.
Your spell library contained the following spells:

 Spells                   Type           Power      Damage    Failure   Level
 Corona                   Hex            0%         N/A       99%         1
 Sandblast                Erth           0%         2d4       99%         1
 Summon Small Mammal      Summ           0%         N/A       99%         1
 Call Imp                 Summ           0%         N/A       100%        2
 Ensorcelled Hibernation  Hex/Ice        0%         N/A       100%        2
 Passwall                 Tmut/Erth      0%         N/A       100%        2
 Call Canine Familiar     Summ           0%         N/A       100%        3
 Confusing Touch          Hex            0%         N/A       100%        3
 Dazzling Flash           Conj/Hex       0%         N/A       100%        3
 Stone Arrow              Conj/Erth      0%         3d7       100%        3
 Summon Guardian Golem    Hex/Summ       0%         N/A       100%        3
 Tukima's Dance           Hex            0%         N/A       100%        3
 Petrify                  Tmut/Erth      0%         N/A       100%        4
 Summon Ice Beast         Ice/Summ       0%         N/A       100%        4
 Summon Lightning Spire   Summ/Air       0%         N/A       100%        4
 Lee's Rapid Deconstruct  Erth           0%         3d5*      100%        5


Dungeon Overview and Level Annotations

Branches:
Dungeon (10/15)            Temple (0/1) D:4            Lair (0/6) D:9
  Sewer (visited)
    Orc: D:9-12

Altars:
Elyvilon
Fedhas
Kikubaaqudgha
Sif Muna
Xom
Zin

Shops:
D:9 *


Innate Abilities, Weirdness & Mutations

You have very sharp fingernails.
A meltable icy envelope protects you from harm. (AC +4)
You regenerate health from kills.
A meltable shield of frost defends you. (SH +4)


Message History

The tyrant leech draws strength from your injuries!
You slash the tyrant leech! You freeze the tyrant leech.
The tyrant leech is heavily wounded.
There is a stone staircase leading up here.
You climb upwards.
There is a stone staircase leading down here.
You start resting.
HP restored.
You climb downwards.
The tyrant leech bites you!!
The tyrant leech draws strength from your injuries!
There is a stone staircase leading up, spattered with blood here.
You hit the tyrant leech. You freeze the tyrant leech.
The tyrant leech is lightly wounded.
You hit the tyrant leech. You freeze the tyrant leech.
The tyrant leech is lightly wounded.
The tyrant leech bites you!
The tyrant leech draws strength from your injuries!
You closely miss the tyrant leech.
The tyrant leech is lightly wounded.
You miss the tyrant leech.
The tyrant leech is lightly wounded.
The tyrant leech bites you!!
* * * LOW HITPOINT WARNING * * *
The tyrant leech draws strength from your injuries!
You slash the tyrant leech! You freeze the tyrant leech.
The tyrant leech is moderately wounded.
There is a stone staircase leading up, spattered with blood here.
You climb upwards.
There is a stone staircase leading down here.
You enter the shallow water.
Moving in this stuff is going to be slow.
The tyrant leech bites you!!
* * * LOW HITPOINT WARNING * * *
The tyrant leech draws strength from your injuries!
The tyrant leech closely misses you. The tyrant leech bites you.
* * * LOW HITPOINT WARNING * * *
The tyrant leech draws strength from your injuries!
The tyrant leech bites you!!
You die...

############...# #.........#.....
#≈≈≈≈≈≈≈≈≈≈###.###.....#..###....
≈#######≈≈≈≈≈≈.........#..#⌠_..∩.
≈≈≈≈##########.........##.###....
###≈≈≈≈≈#.............###..#.....
≈≈≈###########........# ##.......
#≈≈# ###≈≈≈#####....## ###...#.
≈≈≈#####≈≈≈≈≈≈≈≈≈###.#.###....#.#
#≈≈≈≈≈≈≈≈≈#####≈@w≈###.........##
#####≈≈≈#####.###≈≈≈≈##........#
....##≈≈≈≈#.#...##≈...###..#.###
....#######..#>....#...#....##
##### ###################


You could see a tyrant leech.

Vanquished Creatures
  Harold (D:7)
  A two-headed ogre (D:8)
  Maurice (D:8)
  Joseph (D:8)
  A komodo dragon (D:9)
  Psyche (D:9)
  2 wyverns
  7 yaks (D:9)
  4 water moccasins
  A sky beast (D:6)
  2 ice beasts (D:6)
  2 orc warriors (D:8)
  A necrophage (D:7)
  3 black bears
  2 ogres
  A phantom (D:4)
  4 kobold brigands
  3 scorpions (D:5)
  3 bullfrogs
  A gnoll sergeant (D:8)
  A water moccasin skeleton (D:5)
  15 killer bees
  3 howler monkeys
  A centaur zombie (D:9)
  A bullfrog zombie (D:6)
  A gnoll shaman (D:7)
  2 hounds
  2 orc priests
  4 iguanas
  Ijyb (D:5)
  8 orc wizards
  8 gnolls
  6 adders
  3 river rats (Sewer)
  A shadow imp (D:3)
  A white imp (D:8)
  An ufetubus (D:6)
  A worm (D:3)
  2 dart slugs (D:1)
  19 orcs
  9 ball pythons
  8 endoplasms
  6 giant cockroaches
  10 goblins
  10 hobgoblins
  17 jackals
  2 quokkas
  4 bats
  3 frilled lizards
  31 kobolds
  33 rats
256 creatures vanquished.

Vanquished Creatures (collateral kills)
  A bullfrog (D:9)
  A gnoll (D:8)
  A kobold (D:9)
3 creatures vanquished.

Vanquished Creatures (others)
  A bullfrog (D:9)
  35 fungi (D:9)
  34 plants (D:9)
70 creatures vanquished.

Grand Total: 329 creatures vanquished

Notes
Turn   | Place    | Note
-------+----------+-------------------------------------------
     0 | Abyss:1  | kae the Demonspawn Abyssal Knight began the quest for the
                  | Orb.
     0 | Abyss:1  | Reached XP level 1. HP: 18/18 MP: 2/2
   166 | Abyss:1  | Noticed a purple very ugly thing
   168 | D:1      | Escaped the Abyss
   251 | D:1      | Reached skill level 2 in Long Blades
   392 | D:1      | Reached * piety under Lugonu
   393 | D:1      | Gained mutation: A meltable shield of frost defends you.
                  | (SH +4) [demonic ancestry]
   393 | D:1      | Reached XP level 2. HP: 23/24 MP: 3/3
   844 | D:1      | Reached skill level 3 in Long Blades
  1245 | D:1      | Reached XP level 3. HP: 15/29 MP: 4/4
  2378 | D:2      | Gained mutation: A meltable icy envelope protects you from
                  | harm. (AC +4) [demonic ancestry]
  2378 | D:2      | Reached XP level 4. HP: 29/35 MP: 5/5
  2391 | D:2      | Reached skill level 4 in Long Blades
  2396 | D:2      | Reached ** piety under Lugonu
  2575 | D:2      | Found a faded altar of an unknown god.
  3914 | D:4      | Identified a scroll of acquirement
  3914 | D:4      | Acquired a +0 demon blade of draining
  4128 | D:4      | Reached skill level 5 in Long Blades
  4128 | D:4      | Reached XP level 5. HP: 40/41 MP: 6/6
  4167 | D:4      | Found a glowing drain.
  4171 | Sewer    | Entered a sewer
  4330 | Sewer    | Reached *** piety under Lugonu
  4577 | Sewer    | Gained mutation: You have sharp fingernails. [demonic
                  | ancestry]
  4577 | Sewer    | Reached XP level 6. HP: 47/47 MP: 7/7
  4786 | Sewer    | Reached skill level 6 in Long Blades
  5231 | D:4      | Found a blossoming altar of Fedhas.
  5367 | D:4      | Reached skill level 7 in Long Blades
  5712 | D:4      | Found a staircase to the Ecumenical Temple.
  5726 | D:4      | Reached XP level 7. HP: 51/52 MP: 8/8
  5754 | D:4      | Reached **** piety under Lugonu
  6238 | D:5      | Entered Level 5 of the Dungeon
  6739 | D:5      | Found a shimmering blue altar of Sif Muna.
  6752 | D:5      | Reached skill level 8 in Long Blades
  7034 | D:5      | Noticed Ijyb
  7059 | D:5      | Killed Ijyb
  7262 | D:5      | Gained mutation: You regenerate a little health from kills.
                  | [demonic ancestry]
  7262 | D:5      | Reached XP level 8. HP: 50/58 MP: 9/9
  7654 | D:5      | Found an ancient bone altar of Kikubaaqudgha.
  7654 | D:5      | Found a shimmering altar of Xom.
  7826 | D:6      | Reached skill level 9 in Long Blades
  8747 | D:6      | Reached skill level 10 in Long Blades
  9338 | D:7      | Gained mutation: You have very sharp fingernails. [demonic
                  | ancestry]
  9338 | D:7      | Reached XP level 9. HP: 52/63 MP: 10/10
  9447 | D:7      | Reached skill level 11 in Long Blades
 10197 | D:7      | Noticed Harold
 10218 | D:7      | Killed Harold
 10219 | D:7      | Reached skill level 12 in Long Blades
 11023 | D:8      | Noticed Maurice
 11050 | D:8      | Killed Maurice
 11051 | D:8      | Gained mutation: You regenerate health from kills. [demonic
                  | ancestry]
 11051 | D:8      | Reached XP level 10. HP: 67/70 MP: 11/11
 11089 | D:8      | Noticed Joseph
 11108 | D:8      | Killed Joseph
 11109 | D:8      | Reached skill level 13 in Long Blades
 11445 | D:9      | Noticed a two-headed ogre
 11471 | D:8      | Reached ***** piety under Lugonu
 11480 | D:8      | Killed a two-headed ogre
 11654 | D:9      | Reached skill level 14 in Long Blades
 11707 | D:9      | Found a staircase to the Lair.
 11740 | D:9      | Reached skill level 5 in Invocations
 12243 | D:9      | Reached skill level 1 in Dodging
 12268 | D:9      | Found Zin's Purification Station.
 12308 | D:9      | Noticed Psyche
 12321 | D:9      | Killed Psyche
 12812 | D:10     | Entered Level 10 of the Dungeon
 12858 | D:10     | Noticed a six-headed hydra
 12860 | D:10     | a six-headed hydra changed into a tyrant leech
 12888 | D:10     | HP: 3/71 [tyrant leech (19)]
 13238 | D:9      | HP: 3/71 [tyrant leech (22)]
 13240 | D:9      | HP: 1/71 [tyrant leech (3)]
 13242 | D:9      | Demolished by a tyrant leech

Illustrated notes

Levels and vault maps discovered:
D:1:      dpeg_arrival_ratfight, layout_loops_ring, minmay_misc_feat_iff,
          chequers_serial_rivers_small_b
D:2:      layout_rooms, hellmonk_ecumenical_altar_leap_of_faith,
          amethyst_killhole
D:3:      layout_loops_ring
D:4:      layout_basic, chequers_temple_overflow_statue_of_worship,
          minmay_temple_entry_arrows, gup_sewer_entry_bowl,
          minmay_misc_feat_nine_boxes
D:5:      layout_basic, kennysheep_orc_sif_temple,
          gammafunk_temple_overflow_pools, fountainhead, uniq_ijyb
D:6:      layout_loops_ring
D:7:      layout_layer_cave, uniq_harold
D:8:      layout_basic, uniq_joseph, uniq_maurice
D:9:      layout_big_octagon, zin_purify, due_lair_maze_entry_diamond,
          chequers_serial_rivers_large_b, uniq_psyche
D:10:     layout_basic, nicolae_overflow_crystal_walls

Skill      XL: |  1  2  3  4  5  6  7  8  9 10 |
---------------+-------------------------------+-----
Long Blades    | 2 3 5 7 8 10 12 14 | 14.0
Invocations    | 6 |  6.0
Dodging        | 2 |  2.3
Armour         | 2 |  2.8
Fighting       | |  3.9

Action                   |  1- 3 |  4- 6 |  7- 9 | 10-12 || total
-------------------------+-------+-------+-------+-------++-------
Melee: Falchion          |   132 |   117 |       |       ||   249
       Demon blade       |       |   202 |   314 |   221 ||   737
Invok: Depart the Abyss  |     1 |       |       |       ||     1
Evoke: Wand              |       |       |       |     5 ||     5
  Use: Scroll            |     2 |     8 |     5 |    10 ||    25
       Potion            |       |       |     3 |       ||     3
 Stab: Betrayed ally     |       |       |       |     1 ||     1
Armor: Leather armour    |    43 |    15 |       |       ||    58
       Chain mail        |       |   251 |   143 |   132 ||   526
Dodge: Dodged            |    91 |   106 |    77 |    74 ||   348
Block: Other             |    27 |    73 |    44 |    27 ||   171
       Rpst.: Falchion   |    34 |    12 |       |       ||    46
       Demon blade       |       |    18 |    27 |    15 ||    60

Table legend: (Time is in decaauts)
 A = Elapsed time spent in this place.
 B = Non-inter-level travel time spent in this place.
 C = Inter-level travel time spent in this place.
 D = Time resting spent in this place.
 E = Time spent auto-exploring this place.
 F = Levels seen in this place.
 G = Mean time per level.
                   A        B        C        D        E       F      G
               +--------+--------+--------+--------+--------+-----+--------+
         Total |  13206 |  12920 |    286 |   1243 |   9878 |  12 | 1100.5 |
       Dungeon |  12263 |  11977 |    286 |   1096 |   9314 |  10 | 1226.3 |
         Abyss |    169 |    169 |      0 |      0 |    164 |   1 |  169.0 |
         Sewer |    773 |    773 |      0 |    147 |    398 |   1 |  773.0 |
               +--------+--------+--------+--------+--------+-----+--------+

Top non-repeatable levels by time:
     D:1: 1903 daAuts
     D:7: 1762 daAuts
     D:4: 1591 daAuts
     D:5: 1462 daAuts
     D:8: 1231 daAuts
     D:6: 1194 daAuts
     D:9: 1152 daAuts
     D:3: 1039 daAuts
     D:2: 832 daAuts
   Sewer: 773 daAuts
 Abyss:1: 169 daAuts
    D:10: 93 daAuts
